 Dungeon Crawl Stone Soup version 0.19-a0-1907-gcff654f (webtiles) character file.

176 suicidejoker the Sneak (level 5, -2/32 HPs)
             Began as an Octopode Enchanter on Oct 21, 2016.
             Slain by an ice beast (5 damage)
             ... on level 4 of the Dungeon.
             The game lasted 00:03:07 (3069 turns).

suicidejoker the Sneak (Octopode Enchanter)         Turns: 3069, Time: 00:03:08

Health: -2/32      AC:  1    Str:  8    XL:     5   Next: 56%
Magic:  2/8        EV: 13    Int: 16    God:
Gold:   96         SH:  0    Dex: 12    Spells: 3 memorised, 2 levels left

rFire  . . .     SeeInvis .     q - +2 short sword (venom)
rCold  . . .     Gourm    .     (no shield)
rNeg   . . .     Faith    .     (helmet restricted)
rPois  .         Spirit   .     (no amulet)
rElec  .         Reflect  .     w - -2 ring of intelligence (curse)
rCorr  .         Harm     .     (no ring)
MR     .....                    (no ring)
Stlth  ++++......               (no ring)
                                (no ring)
                                (no ring)
                                (no ring)
                                (no ring)

@: very slightly contaminated
A: almost no armour, stealthy swim, amphibious, 8 rings, constrict 8, camouflage
1, gelatinous body 1
a: no special abilities


You were on level 4 of the Dungeon.
You were not hungry.

You visited 1 branch of the dungeon, and saw 4 of its levels.

You collected 96 gold pieces.

Inventory:

Hand Weapons
 a - a +1 dagger
 q - a +2 short sword of venom (weapon)
Missiles
 m - 123 stones (quivered)
 u - 13 arrows
 v - 25 poisoned needles
 x - 21 sling bullets
 y - 5 needles of confusion
Jewellery
 w - a cursed -2 ring of intelligence (left tentacle)
 A - a +2 ring of dexterity {unknown}
Scrolls
 d - a scroll of recharging {unknown}
 e - a scroll of blinking {unknown}
 h - 5 scrolls of identify {unknown}
 i - a scroll of enchant weapon {unknown}
 l - a scroll of random uselessness {unknown}
 o - 2 scrolls of remove curse {unknown}
 r - a scroll of fear {unknown}
 t - 2 scrolls of magic mapping {unknown}
Potions
 f - a potion of mutation {unknown}
 g - 4 potions of heal wounds {unknown}
 j - a potion of brilliance {unknown}
 k - 2 potions of might {unknown}
 n - 2 potions of agility {unknown}
 p - 4 potions of curing {unknown}
 B - a potion of haste {unknown}
Books
 b - a book of Maledictions

   Spells                             Type                      Level
   a - Corona                         Hexes                        1
   b - Ensorcelled Hibernation        Hexes/Ice                    2
   c - Confuse                        Hexes                        3
   d - Tukima's Dance                 Hexes                        3
   e - Dazzling Spray                 Conjuration/Hexes            3
Comestibles
 c - 3 bread rations
 s - 4 fruits
 z - a meat ration
 C - a chunk of flesh


   Skills:
 + Level 0.6 Fighting
 + Level 2.2 Short Blades
 + Level 2.5 Dodging
 + Level 6.5 Stealth
 + Level 2.2 Spellcasting
 + Level 3.6 Hexes


You had 2 spell levels left.
You knew the following spells:

 Your Spells              Type           Power        Failure   Level  Hunger
a - Corona                Hex            ##.....      6%          1    #......
b - Ensorcelled Hibernat  Hex/Ice        #.....       17%         2    ###....
c - Confuse               Hex            ##......     14%         3    ###....


Dungeon Overview and Level Annotations

Branches:
Dungeon (4/15)
 Temple: D:4-7

Altars:


Innate Abilities, Weirdness & Mutations

You cannot wear most types of armour.
You are very stealthy in the water. (Stealth+)
You are amphibious.
You can wear up to eight rings at the same time.
You can use your tentacles to constrict eight enemies at once.
Your skin changes colour to match your surroundings (Stealth+).
Your rubbery body absorbs attacks. (AC +1, EV +1)


Message History

Confirm with . or Enter, or press ? or * to list all spells.
Aiming: Confuse
Press: ? - help, Shift-Dir - straight line, f - ice beast
Aim: an ice beast (chance to defeat MR: 44%)
You miscast Confuse.
You are very lightly contaminated with residual magic.
Your skin tingles.
The ice beast completely misses you.
Casting: Confuse
Confirm with . or Enter, or press ? or * to list all spells.
Aiming: Confuse
Press: ? - help, Shift-Dir - straight line, f/p - ice beast
Aim: an ice beast (chance to defeat MR: 44%)
The ice beast appears confused.
The ice beast barely misses you.
You hit the ice beast.
The ice beast is lightly wounded.
The ice beast hits you.
* * * LOW HITPOINT WARNING * * *
The ice beast freezes you.
You die...

# ####.## ###
......Y###.. #@#.#
##.##############
#..............#
#################.#
.........# #.#
###.# ########.#
#.# .. ...# #.# #.#
.# ###..##
#######.#### #.# ..
.....# #..........#
#.#


You could see an ice beast (confused).

Vanquished Creatures
  10 adders
  An adder skeleton (D:2)
  2 adder zombies (D:2)
  3 worms
  2 dart slugs
  A leopard gecko (D:3)
  A bat zombie (D:2)
  3 giant cockroaches
  6 goblins
  4 hobgoblins
  10 jackals
  A quokka (D:2)
  A ball python skeleton (D:2)
  9 bats
  2 frilled lizards
  3 kobolds
  A leopard gecko zombie (D:2)
  7 rats
67 creatures vanquished.

Notes
Turn   | Place    | Note
-------+----------+-------------------------------------------
     0 | D:1      | suicidejoker the Octopode Enchanter began the quest for the Orb.
     0 | D:1      | Reached XP level 1. HP: 11/11 MP: 3/3
   246 | D:1      | Reached XP level 2. HP: 12/17 MP: 5/5
   250 | D:1      | Learned a level 2 spell: Ensorcelled Hibernation
  1210 | D:2      | Reached XP level 3. HP: 8/21 MP: 6/6
  1215 | D:2      | Learned a level 3 spell: Confuse
  1538 | D:2      | Reached skill level 5 in Stealth
  1867 | D:2      | Reached XP level 4. HP: 22/27 MP: 7/7
  2483 | D:3      | Reached XP level 5. HP: 31/31 MP: 8/8
  2633 | D:3      | Reached skill level 6 in Stealth
  3062 | D:4      | Noticed an ice beast
  3069 | D:4      | Slain by an ice beast

Vault maps used:
D:1:      ncdulo_watergridlock, minmay_tree_intersection, minmay_tripent
D:2:      serial_undead, serial_undead_e, serial_undead_c, serial_undead_b,
          serial_undead_c, first_bread

Skill      XL: |  1  2  3  4  5 |
---------------+----------------+-----
Stealth        | 5 6 |  6.5
Short Blades   | 2 |  2.2
Fighting       | |  0.6
Dodging        | |  2.5
Spellcasting   | |  2.2
Hexes          | |  3.6

Action                   |  1- 3 |  4- 6 || total
-------------------------+-------+-------++-------
Melee: Dagger            |    37 |       ||    37
       Constrict         |    15 |    23 ||    38
       Tentacles         |     8 |    10 ||    18
       Short sword       |    23 |    75 ||    98
 Cast: Ensorcelled Hiber |     1 |       ||     1
       Confuse           |       |     1 ||     1
 Stab: Sleeping          |     8 |    13 ||    21
  Eat: Chunk             |     1 |     6 ||     7
Armor: Skin              |     9 |     3 ||    12
Dodge: Dodged            |    37 |    45 ||    82
